 Dungeon Crawl Stone Soup version 0.13.0-29-gdb529de (webtiles) character file.

204 Lilouch the Sneak (level 4, -1/27 HPs)
             Began as an Octopode Fire Elementalist on Nov 5, 2013.
             Was an Initiate of Kikubaaqudgha.
             Slain by an orc
             ... wielding a +0,+1 orcish falchion
              (7 damage)
             ... on Level 2 of the Dungeon.
             The game lasted 00:15:28 (3085 turns).

Lilouch the Sneak (Octopode Fire Elementalist)      Turns: 3085, Time: 00:15:28

HP  -1/27        AC  1     Str  7      XL: 4   Next: 49%
MP   5/7         EV 12     Int 18      God: Kikubaaqudgha [......]
Gold 118         SH  0     Dex 12      Spells:  1 memorised,  5 levels left

Res.Fire  : . . .   See Invis. : .   r - +1,+4 dagger
Res.Cold  : . . .   Warding    : .   (no shield)
Life Prot.: . . .   Conserve   : .   (helmet restricted)
Res.Poison: .       Res.Corr.  : .   (no amulet)
Res.Elec. : .       Clarity    : .   (no ring)
Sust.Abil.: . .     Spirit.Shd : .   (no ring)
Res.Mut.  : .       Stasis     : .   (no ring)
Res.Rott. : .       Flight     : .   (no ring)
Saprovore : . . .                    (no ring)
                                     (no ring)
                                     (no ring)
                                     (no ring)

@: very slightly contaminated, slightly resistant to hostile enchantments, quite
stealthy
A: almost no armour, amphibious, 8 rings, constrict 8, camouflage 1, AC +1
a: Renounce Religion


You were on level 2 of the Dungeon.
You worshipped Kikubaaqudgha.
Kikubaaqudgha was noncommittal.
You were very hungry.

You visited 1 branch of the dungeon, and saw 3 of its levels.

You collected 98 gold pieces.

Inventory:

Hand weapons
 g - a +0,+0 dagger
 i - a -1,+0 orcish dagger
 m - a +0,+2 spear (quivered)
 o - a +0,+0 dagger
 r - a +1,+4 dagger (weapon)
 u - a +0,+0 dagger
Comestibles
 c - 2 bread rations
 k - a pear
Scrolls
 a - a scroll of teleportation {unknown}
 e - a scroll of identify {unknown}
 f - 3 scrolls of random uselessness {unknown}
 h - a scroll of blinking {unknown}
 l - a scroll of enchant armour {unknown}
 n - 4 scrolls of remove curse {unknown}
 q - a scroll of curse weapon {unknown}
 s - a scroll of recharging {unknown}
 t - a scroll of amnesia {unknown}
Potions
 d - 3 potions of curing {unknown}
 j - 3 potions of heal wounds {unknown}
 p - a potion of might {unknown}
Books
 b - a book of Flames

   Spells                             Type                      Level
   *Flame Tongue                      Conjuration/Fire             1
   Throw Flame                        Conjuration/Fire             2
   Conjure Flame                      Conjuration/Fire             3
   Inner Flame                        Hexes/Fire                   3
   Sticky Flame                       Conjuration/Fire             4
   Fireball                           Conjuration/Fire             5


   Skills:
 + Level 2.6 Dodging
 + Level 3.4 Stealth
 + Level 1.8 Spellcasting
 * Level 2.4 Conjurations
 + Level 3.3 Fire Magic


You had 5 spell levels left.
You knew the following spells:

 Your Spells              Type           Power        Failure   Level  Hunger
a - Flame Tongue          Conj/Fire      ##...        8%          1    #......


Dungeon Overview and Level Annotations

Branches:
Dungeon (3/27)

Altars:
Kikubaaqudgha
Okawaru
Vehumet

Annotations:
D:3 Sigmund


Innate Abilities, Weirdness & Mutations

You cannot wear most types of armour.
You are amphibious.
You can wear up to eight rings at the same time.
You can use your tentacles to constrict many enemies at once.
Your skin changes colour to match your surroundings (Stlth).
Your rubbery body absorbs attacks (AC +1).


Message History

There is a stone staircase leading down here.
Casting: Flame Tongue
Confirm with . or Enter, or press ? or * to list all spells.
Aiming: Flame Tongue
Press: ? - help, Shift-Dir - straight line, f - orc
Aim: an orc, wielding an orcish falchion The flame hits the orc.
The orc is moderately wounded.
The orc closely misses you.
Casting: Flame Tongue
Confirm with . or Enter, or press ? or * to list all spells.
Aiming: Flame Tongue
Press: ? - help, Shift-Dir - straight line, f/p - orc
Aim: an orc, wielding an orcish falchion (moderately wounded)
You miscast Flame Tongue.
You are very lightly contaminated with residual magic.
Heat runs through your body.
The orc hits you with an orcish falchion!
You die...
Kikubaaqudgha rasps: "You have failed me!
Welcome... death!"

#.# #.# #.# #.# #.#
#####.# #.# #.....# #.#
#.#.... ###.###.#.#.#
##############............
#........o...........#.#.#
#########@................
###.###..#.##..#.#.#
#..........##.......
#.#.###............# #.#.#
#....##..#.#.# #...#
#....##..#.#.#
#...###....##..#.#.#
#...##.(...........#
##...###...###..#.#.#


You could see an orc.

Vanquished Creatures
  Ijyb (D:3)
  An adder (D:2)
  2 giant geckos (D:2)
  An ooze (D:1)
  3 bats
  2 giant cockroaches
  7 goblins
  9 hobgoblins
  10 kobolds
  A quokka (D:2)
  2 ball pythons (D:2)
  3 giant newts (D:1)
  15 rats (D:1)
  A bush (D:1)
  A plant (D:1)
59 creatures vanquished.

Notes
Turn   | Place    | Note
--------------------------------------------------------------
     0 | D:1      | Lilouch, the Octopode Fire Elementalist, began the quest for the Orb.
     0 | D:1      | Reached XP level 1. HP: 11/11 MP: 3/3
   147 | D:1      | Reached XP level 2. HP: 9/17 MP: 1/4
   316 | D:1      | Found an iron altar of Okawaru.
   706 | D:1      | Reached XP level 3. HP: 16/21 MP: 0/6
  2129 | D:2      | Reached XP level 4. HP: 27/27 MP: 4/7
  2676 | D:3      | Found an ancient bone altar of Kikubaaqudgha.
  2691 | D:3      | Became a worshipper of Kikubaaqudgha
  2738 | D:3      | Noticed Ijyb
  2761 | D:3      | Killed Ijyb
  2934 | D:3      | Found a radiant altar of Vehumet.
  3063 | D:3      | Noticed Sigmund
  3085 | D:2      | Slain by an orc

Action                   |  1- 3 |  4- 6 || total
-------------------------+-------+-------++-------
Melee: Unarmed           |   183 |     5 ||   188
       Dagger            |       |    15 ||    15
Throw: Spear             |     5 |       ||     5
       Dagger            |     3 |       ||     3
 Cast: Flame Tongue      |    76 |    21 ||    97
 Stab: Sleeping          |     2 |     2 ||     4
